 Dungeon Crawl Stone Soup version 0.18.1-50-g88ac8fd (webtiles) character file.

102 wraslar the Chiller (level 4, -9/37 HPs)
             Began as a Demigod Ice Elementalist on Sept 8, 2016.
             Mangled by an ogre
             ... wielding a +0 giant club
              (20 damage)
             ... on level 5 of the Dungeon on Sept 26, 2016.
             The game lasted 00:20:02 (1231 turns).

wraslar the Chiller (Demigod Ice Elementalist)      Turns: 1231, Time: 00:20:02

Health: -9/37      AC:  9    Str: 11      XL:     4   Next: 26%
Magic:  11/13      EV:  6    Int: 21      God:
Gold:   29         SH:  0    Dex: 15 (16) Spells: 3 memorised, 5 levels left

rFire  . . .     SeeInvis .       - Unarmed
rCold  . . .     Gourm    .     h - +0 chain mail
rNeg   . . .     Faith    .     (no shield)
rPois  .         Spirit   .     (no helmet)
rElec  .         Dismiss  .     (no cloak)
rCorr  .         Reflect  .     (no gloves)
SustAt +         Harm     .     (no boots)
MR     .....                    (no amulet)
Stlth  ..........               (no ring)
                                (no ring)

@: not resistant to hostile enchantments, extremely unstealthy
A: high mp 1, sustain attributes
a: no special abilities


You were on level 5 of the Dungeon.
You were not hungry.

You visited 1 branch of the dungeon, and saw 4 of its levels.

You collected 29 gold pieces.

Inventory:

Armour
 a - a +0 robe
 d - a +0 leather armour
 h - a +0 chain mail (worn)
Scrolls
 e - a scroll of remove curse
Potions
 f - a potion of flight {unknown}
Books
 b - a book of Frost

   Spells                             Type                      Level
   a - Freeze                         Ice                          1
   b - Throw Frost                    Conjuration/Ice              2
   c - Ozocubu's Armour               Charms/Ice                   3
   d - Throw Icicle                   Conjuration/Ice              4
   e - Summon Ice Beast               Ice/Summoning                4
Comestibles
 c - a bread ration
 g - a meat ration


   Skills:
 + Level 2.7 Fighting
 + Level 1.7 Throwing
 + Level 3.0 Armour
 + Level 4.7 Dodging
 + Level 3.8 Stealth
 + Level 2.6 Unarmed Combat
 + Level 4.4 Spellcasting
 + Level 0.8 Conjurations
 + Level 4.8 Ice Magic


You had 5 spell levels left.
You knew the following spells:

 Your Spells              Type           Power        Failure   Level  Hunger
a - Freeze                Ice            ####         86%         1    None
b - Throw Frost           Conj/Ice       ###...       100%        2    #......
c - Ozocubu's Armour      Chrm/Ice       ##......     100%        3    ##.....


Dungeon Overview and Level Annotations

Branches:
Dungeon (3/15)


Innate Abilities, Weirdness & Mutations

You have an increased reservoir of magic (+10% MP).
Your attributes are resistant to harm.


Message History

Confirm with . or Enter, or press ? or * to list all spells.
The spell is very dangerous to cast!
Continue anyway?
Uppercase [Y]es or [N]o only, please.
The spell is very dangerous to cast!
Continue anyway?
Uppercase [Y]es or [N]o only, please.
The spell is very dangerous to cast!
Continue anyway?
Your body armour is too heavy.
Wear which item? (? for menu, Esc to quit)
Keep disrobing?
Uppercase [Y]es or [N]o only, please.
Keep disrobing?
You start removing your armour.
You continue taking off your +0 chain mail. x2
The ogre hits you with a giant club!!
Ouch! That really hurt!
* * * LOW HITPOINT WARNING * * *
You continue taking off your +0 chain mail. x2
The ogre hits you with a giant club!!
Ouch! That really hurt!
You die...

####...#### ##....>##
#....(....###.......#
#...................##
#.........###.........
##.#...#### ##.....###
#...# ##.#### #...#
### ######.######
#(..O@........
#.####.####### #.# #.#
#O# #.# #.# #.# ...
#.# ... #.# ... .#


You could see an ogre.

Vanquished Creatures
  A worker ant zombie (D:5)
  2 gnolls
  A worm (D:2)
  A giant gecko (D:1)
  A ball python (D:3)
  2 giant cockroaches (D:2)
  4 hobgoblins
  2 bats
  A giant newt (D:3)
  4 goblins
  3 kobolds (D:1)
  6 rats
28 creatures vanquished.

Notes
Turn   | Place    | Note
--------------------------------------------------------------
     0 | D:1      | wraslar the Demigod Ice Elementalist began the quest for the Orb.
     0 | D:1      | Reached XP level 1. HP: 14/14 MP: 5/5
   201 | D:1      | Reached skill level 1 in Fighting
   201 | D:1      | Reached skill level 1 in Throwing
   201 | D:1      | Reached skill level 1 in Armour
   201 | D:1      | Reached skill level 1 in Unarmed Combat
   201 | D:1      | Reached XP level 2. HP: 21/23 MP: 2/8
   202 | D:1      | Reached XP level 3. HP: 28/30 MP: 2/11
   206 | D:1      | Learned a level 2 spell: Throw Frost
   212 | D:1      | Learned a level 3 spell: Ozocubu's Armour
   262 | D:1      | Upgraded the game from 0.18.1-48-g4cf74bf to 0.18.1-50-g88ac8fd
   584 | D:2      | Found an opulent altar of Gozag.
   584 | D:2      | Found a blossoming altar of Fedhas.
   584 | D:2      | Found a sacrificial altar of Ru.
   986 | D:3      | Reached XP level 4. HP: 15/37 MP: 4/13
  1165 | D:3      | You fall through a shaft for 2 floors!
  1165 | D:5      | Entered Level 5 of the Dungeon
  1221 | D:5      | Noticed an ogre
  1231 | D:5      | Mangled by an ogre

Skill      XL: |  1  2 |
---------------+-------+-----
Fighting       | 1 2 |  2.7
Throwing       | 1 |  1.7
Armour         | 1 3 |  3.0
Dodging        | 3 4 |  4.7
Stealth        | 2 3 |  3.8
Unarmed Combat | 1 2 |  2.6
Spellcasting   | 3 4 |  4.4
Ice Magic      | 3 4 |  4.8
Conjurations   | |  0.8

Action                   |  1- 3 |  4- 6 || total
-------------------------+-------+-------++-------
Melee: Unarmed           |    56 |    29 ||    85
       Punch             |     1 |     1 ||     2
 Cast: Freeze            |     9 |       ||     9
       Throw Frost       |     7 |       ||     7
       Ozocubu's Armour  |     3 |     1 ||     4
  Use: Potion            |     2 |     1 ||     3
       Scroll            |     3 |     2 ||     5
 Stab: Sleeping          |     2 |     1 ||     3
  Eat: Bread ration      |       |     1 ||     1
Armor: Robe              |     7 |       ||     7
       Leather armour    |       |     8 ||     8
Dodge: Dodged            |    42 |    15 ||    57
